[ AOE2 MATCH · #460354499 ]
Team RMJapanese vs Khmer
[ REPLAY ANALYSIS · EXTRACTED FROM THE RECORDED GAME ]
Feudal
10:33
Castle
36:01
Imperial
—
| APM avg | 9.3 |
| APM peak | 18 |
| eAPM avg | 7.4 |
| Villagers / military | 54 / 48 |
Focus
⚔️ 33.2% · 🌾 66.8%
Spearman ×22 · Samurai ×20 · Fishing Ship ×8 · Militia ×4 · Knight ×2
Feudal
11:43
Castle
30:23
Imperial
—
| APM avg | 12.2 |
| APM peak | 41 |
| eAPM avg | 6.3 |
| Villagers / military | 60 / 41 |
Focus
⚔️ 15.3% · 🌾 84.7%
Organ Gun ×30 · Spearman ×5 · Archer ×5 · Fishing Ship ×3 · Fire Galley ×1
Feudal
10:27
Castle
13:49
Imperial
36:41
| APM avg | 37.4 |
| APM peak | 75 |
| eAPM avg | 19.0 |
| Villagers / military | 154 / 98 |
Focus
⚔️ 26.0% · 🌾 74.0%
Hand Cannoneer ×56 · Skirmisher ×15 · Battle Elephant ×8 · Ballista Elephant ×7 · Knight ×5 · Trebuchet (Packed) ×4
Feudal
10:37
Castle
24:25
Imperial
33:17
| APM avg | 33.5 |
| APM peak | 97 |
| eAPM avg | 20.0 |
| Villagers / military | 132 / 123 |
Focus
⚔️ 51.6% · 🌾 48.4%
Throwing Axeman ×81 · Scout Cavalry ×32 · Bombard Cannon ×10
Match map
Resources at game start + every placement click. Thick line = wall · dashed box = detected house wall. 🟡 gold · ⚪ stone · 🟢 berries · 🔶 boar · ⭕ relic
Inputs per minute
— EliasCar - - Rodart
Build order — EliasCar
First 150 of 185 actions detected
| 0:08 | Research | Loom |
| 0:09 | Create | Villager (Male) |
| 0:09 | Create | Villager (Male) |
| 0:09 | Create | Villager (Male) |
| 0:10 | Create | Villager (Male) |
| 0:30 | Build | House |
| 0:46 | Build | House |
| 1:19 | Build | Lumber Camp |
| 2:02 | Create | Villager (Male) |
| 2:12 | Build | Mill |
| 2:36 | Create | Villager (Male) |
| 3:16 | Create | Villager (Male) |
| 3:39 | Build | House |
| 3:44 | Create | Villager (Male) |
| 3:56 | Build | House |
| 4:03 | Create | Villager (Male) |
| 4:24 | Build | House |
| 4:30 | Create | Villager (Male) |
| 4:34 | Create | Villager (Male) |
| 4:56 | Create | Villager (Male) |
| 5:12 | Create | Villager (Male) |
| 5:40 | Create | Villager (Male) |
| 5:40 | Create | Villager (Male) |
| 6:02 | Create | Villager (Male) |
| 6:03 | Create | Villager (Male) |
| 7:26 | Create | Villager (Male) |
| 7:42 | Create | Villager (Male) |
| 8:05 | Build | Mill |
| 8:23 | Research | Feudal Age |
| 9:36 | Build | Mill |
| 10:33 | Age | Feudal Age |
| 10:38 | Research | Town Watch |
| 10:40 | Research | Wheelbarrow |
| 10:44 | Research | Horse Collar |
| 11:27 | Build | Lumber Camp |
| 11:46 | Create | Villager (Male) |
| 11:46 | Create | Villager (Male) |
| 11:47 | Create | Villager (Male) |
| 11:47 | Create | Villager (Male) |
| 11:48 | Create | Villager (Male) |
| 12:01 | Research | Double-Bit Axe |
| 12:28 | Build | Mining Camp |
| 12:35 | Build | Mining Camp |
| 12:54 | Build | House |
| 12:58 | Build | House |
| 13:03 | Build | House |
| 13:26 | Research | Gold Mining |
| 13:30 | Research | Stone Mining |
| 13:37 | Create | Villager (Male) |
| 13:37 | Create | Villager (Male) |
| 13:59 | Build | Mill |
| 14:42 | Create | Villager (Male) |
| 15:07 | Build | Dock |
| 15:58 | Create | Villager (Male) |
| 15:58 | Create | Villager (Male) |
| 16:12 | Build | Barracks |
| 16:25 | Create | Villager (Male) |
| 16:26 | Create | Villager (Male) |
| 16:38 | Build | Watch Tower |
| 16:47 | Build | Barracks |
| 16:59 | Create | Spearman |
| 17:00 | Create | Spearman |
| 17:00 | Create | Spearman |
| 17:00 | Create | Spearman |
| 17:33 | Create | Fishing Ship |
| 17:33 | Create | Fishing Ship |
| 17:58 | Create | Spearman |
| 19:04 | Build | Watch Tower |
| 20:00 | Create | Spearman |
| 20:00 | Create | Spearman |
| 20:27 | Create | Spearman |
| 20:27 | Create | Spearman |
| 20:27 | Create | Spearman |
| 20:56 | Create | Villager (Male) |
| 20:56 | Create | Villager (Male) |
| 20:57 | Create | Villager (Male) |
| 21:29 | Create | Fishing Ship |
| 21:29 | Create | Fishing Ship |
| 22:06 | Create | Villager (Male) |
| 22:07 | Create | Villager (Male) |
| 22:41 | Build | Market |
| 22:50 | Create | Villager (Male) |
| 23:47 | Build | Mining Camp |
| 23:58 | Create | Villager (Male) |
| 23:59 | Create | Villager (Male) |
| 24:09 | Create | Spearman |
| 24:09 | Create | Spearman |
| 24:10 | Create | Spearman |
| 24:10 | Create | Spearman |
| 24:13 | Create | Fishing Ship |
| 24:14 | Create | Fishing Ship |
| 25:02 | Create | Spearman |
| 25:02 | Create | Spearman |
| 25:05 | Research | Man-at-Arms (upgrade) |
| 25:10 | Create | Fishing Ship |
| 25:16 | Create | Villager (Male) |
| 25:16 | Create | Villager (Male) |
| 25:29 | Build | Lumber Camp |
| 25:42 | Create | Spearman |
| 26:30 | Create | Villager (Male) |
| 26:31 | Create | Villager (Male) |
| 26:46 | Create | Fishing Ship |
| 28:05 | Create | Villager (Male) |
| 28:05 | Create | Villager (Male) |
| 28:05 | Create | Villager (Male) |
| 28:21 | Build | Fish Trap |
| 28:24 | Research | Tech 906 |
| 29:00 | Build | Fish Trap |
| 29:08 | Create | Villager (Male) |
| 29:08 | Create | Villager (Male) |
| 29:08 | Create | Villager (Male) |
| 29:19 | Build | Mining Camp |
| 29:42 | Research | Arson |
| 29:44 | Create | Spearman |
| 29:44 | Create | Spearman |
| 29:44 | Create | Spearman |
| 29:44 | Create | Spearman |
| 29:47 | Create | Spearman |
| 30:50 | Create | Villager (Male) |
| 30:50 | Create | Villager (Male) |
| 31:00 | Build | House |
| 31:05 | Build | House |
| 32:04 | Create | Villager (Male) |
| 32:05 | Create | Villager (Male) |
| 32:05 | Create | Villager (Male) |
| 32:14 | Build | Stable |
| 32:34 | Create | Militia |
| 32:34 | Create | Militia |
| 33:21 | Research | Castle Age |
| 33:29 | Build | Mill |
| 33:52 | Research | Bloodlines |
| 34:36 | Create | Militia |
| 34:36 | Create | Militia |
| 36:01 | Age | Castle Age |
| 36:08 | Research | Hand Cart |
| 36:28 | Build | Castle |
| 36:39 | Research | Pikeman (upgrade) |
| 36:47 | Research | Gambesons |
| 36:58 | Research | Long Swordsman (upgrade) |
| 37:01 | Research | Squires |
| 37:35 | Build | Blacksmith |
| 37:56 | Build | Farm |
| 37:57 | Build | Farm |
| 37:58 | Build | Farm |
| 38:00 | Build | Farm |
| 38:02 | Build | Farm |
| 38:03 | Build | Farm |
| 38:06 | Build | Farm |
| 38:15 | Research | Heavy Plow |
| 39:33 | Create | Samurai |
Build order — Rodart
First 150 of 161 actions detected
| 0:04 | Build | House |
| 0:05 | Build | House |
| 0:06 | Create | Villager (Male) |
| 0:06 | Create | Villager (Male) |
| 0:07 | Create | Villager (Male) |
| 0:07 | Create | Villager (Male) |
| 0:07 | Create | Villager (Male) |
| 2:06 | Create | Villager (Male) |
| 2:07 | Create | Villager (Male) |
| 2:25 | Build | Lumber Camp |
| 2:37 | Create | Villager (Male) |
| 2:37 | Create | Villager (Male) |
| 2:37 | Create | Villager (Male) |
| 3:10 | Create | Villager (Male) |
| 3:10 | Create | Villager (Male) |
| 3:27 | Create | Villager (Male) |
| 3:27 | Create | Villager (Male) |
| 3:49 | Build | House |
| 3:53 | Build | House |
| 4:16 | Create | Villager (Male) |
| 4:16 | Create | Villager (Male) |
| 4:17 | Create | Villager (Male) |
| 5:03 | Create | Villager (Male) |
| 5:03 | Create | Villager (Male) |
| 5:56 | Create | Villager (Male) |
| 5:56 | Create | Villager (Male) |
| 6:07 | Build | Mill |
| 6:28 | Create | Villager (Male) |
| 6:56 | Create | Villager (Male) |
| 7:13 | Create | Villager (Male) |
| 7:45 | Create | Villager (Male) |
| 8:16 | Create | Villager (Male) |
| 8:38 | Build | Mining Camp |
| 8:52 | Build | Mining Camp |
| 9:33 | Research | Feudal Age |
| 9:48 | Build | Lumber Camp |
| 11:29 | Build | House |
| 11:31 | Build | House |
| 11:35 | Research | Loom |
| 11:36 | Create | Villager (Male) |
| 11:37 | Create | Villager (Male) |
| 11:40 | Create | Villager (Male) |
| 11:43 | Age | Feudal Age |
| 12:13 | Research | Double-Bit Axe |
| 12:17 | Research | Gold Mining |
| 13:00 | Build | Barracks |
| 13:09 | Create | Villager (Male) |
| 13:40 | Build | Dock |
| 13:51 | Create | Villager (Male) |
| 13:52 | Create | Villager (Male) |
| 14:00 | Build | Archery Range |
| 15:05 | Create | Spearman |
| 15:05 | Create | Spearman |
| 15:10 | Create | Archer |
| 15:11 | Create | Archer |
| 15:11 | Create | Archer |
| 15:12 | Create | Archer |
| 15:12 | Create | Archer |
| 16:26 | Create | Villager (Male) |
| 16:26 | Create | Villager (Male) |
| 16:27 | Create | Villager (Male) |
| 16:45 | Build | Farm |
| 16:45 | Build | Farm |
| 16:45 | Build | Farm |
| 16:46 | Build | Farm |
| 16:47 | Build | Farm |
| 16:47 | Build | Farm |
| 16:54 | Build | Farm |
| 16:55 | Build | Farm |
| 16:56 | Build | Farm |
| 17:37 | Create | Villager (Male) |
| 17:37 | Create | Villager (Male) |
| 17:46 | Build | Farm |
| 18:02 | Create | Fishing Ship |
| 18:02 | Create | Fishing Ship |
| 18:02 | Create | Fishing Ship |
| 18:06 | Build | House |
| 18:07 | Build | House |
| 18:08 | Build | House |
| 18:09 | Build | House |
| 18:26 | Research | Wheelbarrow |
| 18:51 | Research | Horse Collar |
| 19:32 | Create | Villager (Male) |
| 19:33 | Create | Villager (Male) |
| 19:57 | Research | Stone Mining |
| 20:06 | Build | Farm |
| 20:27 | Create | Fire Galley |
| 20:55 | Create | Spearman |
| 20:56 | Create | Spearman |
| 20:56 | Create | Spearman |
| 24:35 | Build | Stone Wall |
| 24:42 | Build | Stone Wall |
| 25:02 | Build | Palisade Wall |
| 25:31 | Build | Palisade Wall |
| 26:07 | Create | Villager (Male) |
| 26:08 | Create | Villager (Male) |
| 26:30 | Build | Blacksmith |
| 26:54 | Build | Farm |
| 27:43 | Research | Castle Age |
| 28:10 | Build | Farm |
| 28:58 | Research | Fletching |
| 29:12 | Build | Lumber Camp |
| 29:42 | Build | Stable |
| 30:00 | Research | Town Watch |
| 30:15 | Build | Farm |
| 30:23 | Age | Castle Age |
| 30:28 | Build | Farm |
| 30:36 | Build | Farm |
| 32:52 | Build | Castle |
| 33:16 | Build | Town Center |
| 33:44 | Create | Organ Gun ×5 |
| 33:45 | Create | Organ Gun ×5 |
| 33:45 | Create | Organ Gun ×5 |
| 33:45 | Create | Organ Gun ×5 |
| 33:45 | Create | Organ Gun ×5 |
| 33:45 | Create | Organ Gun ×5 |
| 34:02 | Build | Mining Camp |
| 34:16 | Build | Mining Camp |
| 34:26 | Build | Lumber Camp |
| 34:58 | Research | Hand Cart |
| 34:59 | Create | Villager (Male) |
| 34:59 | Create | Villager (Male) |
| 35:00 | Create | Villager (Male) |
| 35:00 | Create | Villager (Male) |
| 35:00 | Create | Villager (Male) |
| 35:01 | Create | Villager (Male) |
| 36:18 | Build | Farm |
| 36:39 | Build | Farm |
| 36:42 | Create | Villager (Male) |
| 36:42 | Create | Villager (Male) |
| 36:46 | Research | Stone Shaft Mining |
| 37:12 | Build | House |
| 37:13 | Build | House |
| 37:14 | Build | House |
| 37:15 | Build | House |
| 37:35 | Research | Bodkin Arrow |
| 38:09 | Build | Town Center |
| 38:15 | Research | Imperial Age |
| 38:18 | Build | Farm |
| 38:32 | Build | Town Center |
| 38:43 | Build | Farm |
| 40:13 | Build | Farm |
| 40:14 | Build | Farm |
| 40:30 | Build | Stable |
| 40:55 | Create | Villager (Male) |
| 40:56 | Create | Villager (Male) |
| 40:56 | Create | Villager (Male) |
| 40:57 | Create | Villager (Male) |
| 40:57 | Create | Villager (Male) |
| 41:07 | Create | Villager (Male) |
Build order — A_LO_MALDITO
First 150 of 425 actions detected
| 0:02 | Create | Villager (Male) |
| 0:02 | Create | Villager (Male) |
| 0:02 | Create | Villager (Male) |
| 0:02 | Create | Villager (Male) |
| 0:06 | Build | House |
| 0:08 | Build | House |
| 1:16 | Create | Villager (Male) |
| 2:07 | Create | Villager (Male) |
| 2:41 | Create | Villager (Male) |
| 3:01 | Create | Villager (Male) |
| 3:20 | Create | Villager (Male) |
| 3:40 | Create | Villager (Male) |
| 3:41 | Create | Villager (Male) |
| 3:43 | Build | Mill |
| 4:30 | Create | Villager (Male) |
| 4:30 | Create | Villager (Male) |
| 4:30 | Create | Villager (Male) |
| 4:35 | Build | House |
| 5:00 | Create | Villager (Male) |
| 5:00 | Create | Villager (Male) |
| 5:40 | Create | Villager (Male) |
| 5:47 | Build | House |
| 5:51 | Create | Villager (Male) |
| 6:16 | Build | Farm |
| 6:16 | Build | Farm |
| 6:16 | Build | Farm |
| 6:17 | Build | Farm |
| 7:09 | Build | Farm |
| 7:23 | Create | Villager (Male) |
| 7:24 | Create | Villager (Male) |
| 8:17 | Research | Feudal Age |
| 8:42 | Build | Mining Camp |
| 10:27 | Create | Villager (Male) |
| 10:27 | Age | Feudal Age |
| 11:07 | Build | Farm |
| 11:09 | Research | Castle Age |
| 12:01 | Build | Lumber Camp |
| 13:00 | Research | Double-Bit Axe |
| 13:42 | Build | Stable |
| 13:49 | Age | Castle Age |
| 13:49 | Build | House |
| 14:15 | Build | House |
| 14:18 | Create | Knight |
| 14:18 | Create | Knight |
| 14:18 | Create | Knight |
| 14:25 | Create | Villager (Male) |
| 14:25 | Create | Villager (Male) |
| 14:25 | Create | Villager (Male) |
| 14:41 | Build | Farm |
| 14:41 | Build | Farm |
| 14:41 | Build | Farm |
| 14:42 | Build | Farm |
| 14:42 | Build | Farm |
| 14:42 | Build | Farm |
| 14:51 | Create | Villager (Male) |
| 14:52 | Create | Villager (Male) |
| 16:03 | Build | Farm |
| 16:05 | Create | Villager (Male) |
| 16:05 | Create | Villager (Male) |
| 16:05 | Create | Villager (Male) |
| 16:11 | Build | Town Center |
| 16:43 | Create | Villager (Male) |
| 16:44 | Create | Villager (Male) |
| 16:44 | Create | Villager (Male) |
| 16:51 | Create | Villager (Male) |
| 16:59 | Build | Farm |
| 17:06 | Research | Horse Collar |
| 17:06 | Research | Horse Collar |
| 17:30 | Create | Villager (Male) |
| 17:57 | Create | Villager (Male) |
| 17:58 | Create | Villager (Male) |
| 18:09 | Build | Town Center |
| 18:16 | Create | Villager (Male) |
| 18:36 | Build | Farm |
| 18:47 | Create | Villager (Male) |
| 18:47 | Create | Villager (Male) |
| 18:50 | Build | Farm |
| 18:55 | Build | Farm |
| 19:36 | Build | Farm |
| 19:37 | Create | Villager (Male) |
| 19:38 | Create | Villager (Male) |
| 20:19 | Create | Villager (Male) |
| 20:19 | Create | Villager (Male) |
| 20:19 | Create | Villager (Male) |
| 20:19 | Create | Villager (Male) |
| 20:25 | Build | House |
| 20:41 | Create | Villager (Male) |
| 20:41 | Create | Villager (Male) |
| 20:41 | Create | Villager (Male) |
| 20:59 | Create | Knight |
| 21:11 | Build | Blacksmith |
| 21:48 | Create | Knight |
| 21:51 | Research | Bloodlines |
| 23:23 | Build | University |
| 23:27 | Create | Villager (Male) |
| 23:28 | Create | Villager (Male) |
| 23:35 | Build | Market |
| 23:37 | Research | Wheelbarrow |
| 23:38 | Research | Loom |
| 24:04 | Build | Farm |
| 24:17 | Build | Siege Workshop |
| 24:22 | Create | Villager (Male) |
| 24:22 | Create | Villager (Male) |
| 24:22 | Create | Villager (Male) |
| 24:34 | Create | Villager (Male) |
| 25:15 | Build | House |
| 25:23 | Create | Villager (Male) |
| 25:23 | Create | Villager (Male) |
| 25:23 | Create | Villager (Male) |
| 25:25 | Build | House |
| 25:31 | Build | House |
| 25:35 | Build | Palisade Wall |
| 25:42 | Create | Villager (Male) |
| 25:45 | Create | Mangonel |
| 26:25 | Research | Bow Saw |
| 26:29 | Research | Gold Mining |
| 26:29 | Research | Stone Mining |
| 26:40 | Research | Heavy Plow |
| 26:53 | Build | Castle |
| 26:57 | Build | House |
| 27:02 | Build | House |
| 27:08 | Build | House |
| 27:11 | Build | House |
| 27:16 | Build | Palisade Wall |
| 28:36 | Create | Villager (Male) |
| 28:36 | Create | Villager (Male) |
| 28:36 | Create | Villager (Male) |
| 28:37 | Create | Villager (Male) |
| 28:37 | Create | Villager (Male) |
| 28:37 | Create | Villager (Male) |
| 28:54 | Build | Mining Camp |
| 28:56 | Create | Villager (Male) |
| 28:56 | Create | Villager (Male) |
| 28:56 | Create | Villager (Male) |
| 29:07 | Build | Town Center |
| 29:18 | Build | Palisade Wall |
| 29:22 | Create | Villager (Male) |
| 29:22 | Create | Villager (Male) |
| 29:33 | Create | Battering Ram |
| 30:45 | Create | Battle Elephant |
| 30:46 | Create | Battle Elephant |
| 31:26 | Create | Villager (Male) |
| 31:27 | Create | Villager (Male) |
| 31:27 | Create | Villager (Male) |
| 31:27 | Create | Villager (Male) |
| 31:27 | Create | Villager (Male) |
| 31:28 | Create | Villager (Male) |
| 31:28 | Create | Villager (Male) |
| 31:34 | Build | Farm |
| 31:34 | Build | Farm |
Build order — Asterión
First 150 of 415 actions detected
| 0:01 | Create | Villager (Male) |
| 0:01 | Create | Villager (Male) |
| 0:01 | Create | Villager (Male) |
| 0:02 | Create | Villager (Male) |
| 0:02 | Create | Villager (Male) |
| 0:04 | Build | House |
| 0:06 | Build | House |
| 1:31 | Create | Villager (Male) |
| 2:03 | Create | Villager (Male) |
| 2:03 | Create | Villager (Male) |
| 2:26 | Create | Villager (Male) |
| 2:26 | Create | Villager (Male) |
| 2:55 | Create | Villager (Male) |
| 2:55 | Create | Villager (Male) |
| 3:34 | Build | Lumber Camp |
| 3:38 | Create | Villager (Male) |
| 3:38 | Create | Villager (Male) |
| 3:39 | Create | Villager (Male) |
| 3:39 | Create | Villager (Male) |
| 3:51 | Create | Villager (Male) |
| 3:52 | Create | Villager (Male) |
| 4:09 | Build | House |
| 4:20 | Create | Villager (Male) |
| 5:18 | Build | Mill |
| 5:42 | Create | Villager (Male) |
| 5:43 | Create | Villager (Male) |
| 5:43 | Create | Villager (Male) |
| 6:28 | Create | Villager (Male) |
| 6:29 | Create | Villager (Male) |
| 6:29 | Create | Villager (Male) |
| 6:30 | Create | Villager (Male) |
| 6:38 | Create | Villager (Male) |
| 6:38 | Create | Villager (Male) |
| 6:40 | Research | Loom |
| 7:12 | Build | House |
| 7:17 | Create | Villager (Male) |
| 7:19 | Create | Villager (Male) |
| 8:20 | Create | Villager (Male) |
| 8:27 | Research | Feudal Age |
| 8:44 | Build | Barracks |
| 8:47 | Build | House |
| 9:51 | Build | Palisade Wall |
| 9:55 | Build | Palisade Wall |
| 10:30 | Create | Villager (Male) |
| 10:30 | Create | Villager (Male) |
| 10:37 | Age | Feudal Age |
| 10:40 | Create | Villager (Male) |
| 10:46 | Build | Stable |
| 10:51 | Build | Farm |
| 10:55 | Build | Farm |
| 11:01 | Build | Farm |
| 11:09 | Create | Villager (Male) |
| 11:42 | Build | House |
| 11:51 | Build | Building 800 |
| 12:15 | Create | Villager (Male) |
| 12:20 | Build | Farm |
| 12:22 | Create | Villager (Male) |
| 12:32 | Create | Scout Cavalry |
| 12:32 | Create | Scout Cavalry |
| 12:32 | Create | Scout Cavalry |
| 12:34 | Create | Scout Cavalry |
| 12:49 | Build | Farm |
| 12:52 | Build | Farm |
| 12:55 | Create | Villager (Male) |
| 13:01 | Research | Double-Bit Axe |
| 13:31 | Build | Lumber Camp |
| 13:52 | Build | Palisade Wall |
| 13:54 | Create | Villager (Male) |
| 13:56 | Create | Villager (Male) |
| 13:59 | Create | Scout Cavalry |
| 14:08 | Build | Blacksmith |
| 14:31 | Research | Scale Barding Armor |
| 14:35 | Build | House |
| 14:36 | Build | House |
| 14:36 | Build | House |
| 14:37 | Build | House |
| 14:37 | Build | House |
| 14:37 | Build | House |
| 14:38 | Build | House |
| 14:56 | Build | Palisade Wall |
| 14:58 | Build | Palisade Wall |
| 15:03 | Build | Farm |
| 15:05 | Build | Farm |
| 15:19 | Create | Villager (Male) |
| 15:19 | Create | Villager (Male) |
| 15:59 | Build | Farm |
| 16:02 | Create | Villager (Male) |
| 16:19 | Build | Farm |
| 16:36 | Create | Villager (Male) |
| 16:36 | Create | Villager (Male) |
| 16:39 | Build | Farm |
| 16:48 | Build | Farm |
| 16:49 | Build | Farm |
| 16:49 | Build | Farm |
| 16:49 | Build | Farm |
| 16:49 | Build | Farm |
| 16:50 | Build | Farm |
| 16:50 | Build | Farm |
| 16:50 | Build | Farm |
| 17:09 | Research | Forging |
| 17:33 | Build | Farm |
| 17:41 | Build | Farm |
| 18:00 | Create | Villager (Male) |
| 18:00 | Create | Villager (Male) |
| 18:01 | Create | Villager (Male) |
| 18:12 | Build | Mining Camp |
| 18:16 | Build | Mining Camp |
| 18:17 | Create | Villager (Male) |
| 18:18 | Create | Villager (Male) |
| 19:07 | Build | Farm |
| 19:09 | Build | Farm |
| 19:24 | Create | Villager (Male) |
| 19:25 | Research | Wheelbarrow |
| 19:30 | Build | House |
| 19:32 | Build | House |
| 19:32 | Build | House |
| 19:32 | Build | House |
| 19:32 | Build | House |
| 19:33 | Build | House |
| 19:33 | Build | House |
| 19:33 | Build | House |
| 20:10 | Build | House |
| 20:12 | Build | House |
| 20:14 | Build | House |
| 21:20 | Research | Castle Age |
| 21:35 | Build | Mining Camp |
| 21:47 | Build | Mining Camp |
| 21:51 | Research | Stone Mining |
| 22:11 | Create | Villager (Male) |
| 22:11 | Create | Villager (Male) |
| 22:12 | Create | Villager (Male) |
| 24:15 | Research | Gold Mining |
| 24:25 | Age | Castle Age |
| 24:30 | Build | House |
| 24:32 | Build | House |
| 24:40 | Create | Villager (Male) |
| 24:43 | Research | Fletching |
| 24:44 | Research | Scale Mail Armor |
| 24:45 | Research | Iron Casting |
| 24:52 | Create | Villager (Male) |
| 24:52 | Create | Villager (Male) |
| 24:56 | Create | Villager (Male) |
| 25:37 | Research | Hand Cart |
| 25:59 | Research | Chain Mail Armor |
| 26:22 | Create | Villager (Male) |
| 26:22 | Create | Villager (Male) |
| 26:31 | Build | Town Center |
| 26:42 | Research | Bodkin Arrow |
| 26:50 | Research | Bow Saw |
| 26:53 | Create | Villager (Male) |
Match timeline
| 8:44 | Asterión · first_building Barracks |
| 9:51 | Asterión · wall_segment Palisade Wall x11 |
| 9:55 | Asterión · wall_segment Palisade Wall x9 |
| 10:27 | A_LO_MALDITO · age_up feudal |
| 10:33 | EliasCar · age_up feudal |
| 10:37 | Asterión · age_up feudal |
| 10:46 | Asterión · first_building Stable |
| 11:43 | Rodart · age_up feudal |
| 13:00 | Rodart · first_building Barracks |
| 13:40 | Rodart · first_building Dock |
| 13:42 | A_LO_MALDITO · first_building Stable |
| 13:49 | A_LO_MALDITO · age_up castle |
| 13:52 | Asterión · wall_segment Palisade Wall x6 |
| 14:00 | Rodart · first_building Archery Range |
| 14:56 | Asterión · wall_segment Palisade Wall x6 |
| 14:58 | Asterión · wall_segment Palisade Wall x12 |
| 15:07 | EliasCar · first_building Dock |
| 16:12 | EliasCar · first_building Barracks |
| 23:52 | EliasCar · first_market_buy 100 food |
| 24:17 | A_LO_MALDITO · first_building Siege Workshop |
| 24:25 | Asterión · age_up castle |
| 24:35 | Rodart · wall_segment Stone Wall x1 |
| 24:42 | Rodart · wall_segment Stone Wall x1 |
| 25:02 | Rodart · wall_segment Palisade Wall x3 |
| 25:31 | Rodart · wall_segment Palisade Wall x1 |
| 25:35 | A_LO_MALDITO · wall_segment Palisade Wall x1 |
| 25:54 | A_LO_MALDITO · first_market_sell 100 wood |
| 25:56 | A_LO_MALDITO · first_market_buy 100 stone |
| 26:53 | A_LO_MALDITO · first_building Castle |
| 27:16 | A_LO_MALDITO · wall_segment Palisade Wall x1 |
| 27:56 | Asterión · first_building Castle |
| 29:18 | A_LO_MALDITO · wall_segment Palisade Wall x1 |
| 29:42 | Rodart · first_building Stable |
| 30:23 | Rodart · age_up castle |
| 31:36 | Asterión · first_building Siege Workshop |
| 32:14 | EliasCar · first_building Stable |
| 32:52 | Rodart · first_building Castle |
| 33:17 | Asterión · age_up imperial |
| 33:43 | A_LO_MALDITO · first_building Archery Range |
| 36:01 | EliasCar · age_up castle |
| 36:28 | EliasCar · first_building Castle |
| 36:41 | A_LO_MALDITO · age_up imperial |
| 45:04 | Rodart · resign |
| 46:04 | EliasCar · first_market_sell 100 wood |
[ AI ANALYSIS · 1 CREDIT ]
What really happened in this match?
Wolo.gg analyzes every decision: build order, eco, micro, common mistakes by bracket. Personalized analysis on WhatsApp or Discord in 30 seconds.
Civ guide
Japanese
Map guide
Coastal Forest
Perfil
EliasCar